 Dungeon Crawl Stone Soup version 0.21-a0-207-g4a9efaf (webtiles) character file.

176 aurelian the Sneak (level 5, -1/31 HPs)
             Began as an Octopode Wizard on Aug 20, 2017.
             Slain by a centaur zombie (6 damage)
             ... in an ossuary.
             The game lasted 00:16:32 (4719 turns).

aurelian the Sneak (Octopode Wizard)                Turns: 4719, Time: 00:16:33

Health: -1/31      AC:  3    Str:  9    XL:     5   Next: 56%
Magic:  1/9        EV: 13    Int: 22    God:
Gold:   211        SH:  0    Dex:  8    Spells: 2/10 levels left

rFire    + . .     SeeInvis .   a - +1 dagger (drain)
rCold    . . .     Gourm    .   (no shield)
rNeg     . . .     Faith    .   c - +0 hat
rPois    .         Spirit   .   (no amulet)
rElec    .         Reflect  .   k - +3 ring of strength
rCorr    .         Harm     .   x - ring of protection from fire
MR       .....                  (no ring)
Stlth    +++.......             (no ring)
HPRegen  0.10/turn              (no ring)
MPRegen  0.11/turn              (no ring)
                                (no ring)
                                (no ring)

@: no status effects
A: almost no armour, stealthy swim, amphibious, 8 rings, constrict 8, icy blue
scales 1, camouflage 1, blurry vision 1, clumsy 1, gelatinous body 1
a: no special abilities


You were in an ossuary.
You were hungry.

You visited 1 branch of the dungeon, and saw 4 of its levels.
You also visited: Ossuary.

You collected 211 gold pieces.

Inventory:

Hand Weapons
 a - a +1 dagger of draining (weapon)
 b - a +0 hunting sling
 f - a +0 club
 h - a +1 vampiric short sword
 z - a cursed +0 dagger
Missiles
 j - 81 stones (quivered)
 l - 49 arrows
Armour
 c - a +0 hat (worn)
Jewellery
 k - a +3 ring of strength (left tentacle)
 x - a ring of protection from fire (right tentacle)
Wands
 y - a wand of random effects (30/48)
Scrolls
 e - a scroll of identify
 g - a scroll of fear {unknown}
 i - a scroll of remove curse {unknown}
 o - a scroll of magic mapping
 s - a scroll of teleportation {unknown}
 v - a scroll of fog {unknown}
Potions
 d - 2 potions of brilliance
 p - a potion of agility {unknown}
Books
 q - a book of Minor Magic

   Spells                             Type                      Level
   a - Magic Dart                     Conjuration                  1
   b - Blink                          Translocation                2
   c - Call Imp                       Summoning                    2
   d - Slow                           Hexes                        2
   e - Conjure Flame                  Conjuration/Fire             3
   f - Mephitic Cloud                 Conjuration/Poison/Air       3
Comestibles
 r - a meat ration
 w - a bread ration


   Skills:
 - Level 2.0 Dodging
 - Level 5.0 Stealth
 - Level 3.0 Spellcasting
 * Level 4.3 Conjurations
 - Level 1.0 Summonings
 - Level 1.0 Translocations


You had 2 spell levels left.
You knew the following spells:

 Your Spells              Type           Power        Failure   Level  Hunger
a - Magic Dart            Conj           ###.         1%          1    None
b - Call Imp              Summ           #.......     12%         2    ##.....
c - Blink                 Tloc           N/A          12%         2    ##.....
d - Conjure Flame         Conj/Fire      ##......     16%         3    ###....


Dungeon Overview and Level Annotations

Branches:
Dungeon (4/15)
 Temple: D:4-7

Altars:
Cheibriados
Dithmenos
Ru
Wu Jian

Annotations:
D:3 Lookapuppie's ghost, amateur TrFi


Innate Abilities, Weirdness & Mutations

You cannot wear most types of armour.
You are very stealthy in the water. (Stealth+)
You are amphibious.
You can wear up to eight rings at the same time.
You can use your tentacles to constrict eight enemies at once.
Your skin changes colour to match your surroundings (Stealth+).
Your rubbery body absorbs attacks. (AC +1, EV +1)
You are partially covered in icy blue scales. (AC +2)
Scrolls take you a little longer to read.
You are clumsy. (Dex -2)


Message History

The bolt of negative energy hits the centaur zombie.
The centaur zombie completely resists.
The centaur zombie is lightly damaged.
Evoking this partially-identified wand wasted a few charges.
Evoke which item? (* to show all) (? for menu, Esc to quit)
Aiming: Random Effects (will waste charges)
Press: ? - help, Shift-Dir - straight line, f/p - centaur zombie
Aim: a centaur zombie (lightly damaged)
The centaur zombie flickers and vanishes!
Deactivating autopickup; reactivate with Ctrl-A.
Evoking this partially-identified wand wasted a few charges.
It was a potion of curing.
You feel better. Something hits you. Something hits you. Something hits you.
* * * LOW HITPOINT WARNING * * *
It was a potion of mutation.
You feel extremely strange.
Your vision blurs.
You feel clumsy.
Icy blue scales grow over part of your body.
Something hits you.
You die...

#...##############..
#..Z# #.. #..Z# #.Z
#...# #.. #...# #Z.
#...# #.... #..
#..5# #.... #Z.
#...# ##.... #..
#..@# .... #.. #...#
#..# #.. #...# #..#
#.. #...# #..# #..
#...######^.######..
#...........Z.......
#........8..8.......
#...................
#...................


You could see a hobgoblin zombie, an elf zombie and a friendly crimson imp.

Vanquished Creatures
  A crimson imp (D:3)
  A centaur skeleton (D:4)
  2 adders
  3 oozes
  3 worms
  2 leopard geckos
  An orc (D:3)
  2 giant cockroaches
  6 goblins
  6 hobgoblins
  A jackal (D:1)
  A quokka (D:3)
  7 bats
  6 frilled lizards
  8 hobgoblin zombies (Ossuary)
  A jackal skeleton (D:4)
  11 kobolds
  6 kobold zombies (Ossuary)
  7 orc zombies (Ossuary)
  2 quokka skeletons
  8 rats
85 creatures vanquished.

Vanquished Creatures (others)
  7 fungi (D:3)
  6 toadstools (D:3)
13 creatures vanquished.

Grand Total: 98 creatures vanquished

Notes
Turn   | Place    | Note
-------+----------+-------------------------------------------
     0 | D:1      | aurelian the Octopode Wizard began the quest for the Orb.
     0 | D:1      | Reached XP level 1. HP: 11/11 MP: 4/4
   258 | D:1      | Reached skill level 3 in Stealth
   433 | D:1      | Reached XP level 2. HP: 17/17 MP: 3/6
   459 | D:1      | Learned a level 2 spell: Call Imp
   477 | D:1      | Learned a level 2 spell: Blink
   981 | D:2      | Found a faded altar of an unknown god.
  1056 | D:1      | Reached XP level 3. HP: 21/21 MP: 5/7
  1118 | D:1      | Learned a level 3 spell: Conjure Flame
  1323 | D:2      | Found a sacrificial altar of Ru.
  1334 | D:2      | Found a snail-covered altar of Cheibriados.
  2231 | D:2      | Reached skill level 4 in Stealth
  2266 | D:2      | Reached XP level 4. HP: 27/27 MP: 6/8
  2330 | D:2      | Found an ornate altar of the Wu Jian Council.
  2871 | D:3      | Noticed Lookapuppie's ghost (amateur TrFi)
  3001 | D:3      | Found a shadowy altar of Dithmenos.
  3173 | D:3      | Reached XP level 5. HP: 31/31 MP: 6/9
  3803 | D:4      | Reached skill level 5 in Stealth
  4035 | D:4      | Found a sand-covered staircase.
  4042 | Ossuary  | Entered an ossuary
  4719 | Ossuary  | Gained mutation: Scrolls take you a little longer to read. [potion of mutation]
  4719 | Ossuary  | Gained mutation: You are clumsy. (Dex -2) [potion of mutation]
  4719 | Ossuary  | Gained mutation: You are partially covered in icy blue scales. (AC +2) [potion of mutation]
  4719 | Ossuary  | Slain by a centaur zombie

Vault maps used:
D:1:      dpeg_arrival_central
D:2:      nicolae_overflow_crystal_walls, cheibriados_altar_1,
          lemuel_doored_altar, chequers_ecumenical_altar_twisty
D:3:      cheibrodos_fertilizer, lemuel_round_altar, palyth_stone_intersect
D:4:      lemuel_coloured_pillars_altar, enter_ossuary_2
Ossuary:  ossuary_tomb_1

Skill      XL: |  1  2  3  4  5 |
---------------+----------------+-----
Stealth        | 3 4 5 |  5.0
Conjurations   | 2 3 4 |  4.3
Dodging        | |  2.0
Spellcasting   | |  3.0
Summonings     | |  1.0
Translocations | |  1.0

Action                   |  1- 3 |  4- 6 || total
-------------------------+-------+-------++-------
Melee: Unarmed           |     1 |       ||     1
       Club              |     6 |       ||     6
       Hunting sling     |     3 |     2 ||     5
       Tentacles         |     2 |     3 ||     5
       Constrict         |     2 |     2 ||     4
       Dagger            |       |    16 ||    16
 Fire: Hunting sling     |    19 |     7 ||    26
 Cast: Magic Dart        |    93 |   137 ||   230
       Call Imp          |       |     5 ||     5
       Blink             |       |     1 ||     1
Evoke: Wand              |       |     2 ||     2
  Use: Potion            |     3 |     2 ||     5
       Scroll            |       |     2 ||     2
 Stab: Sleeping          |       |     1 ||     1
  Eat: Chunk             |     1 |     2 ||     3
       Bread ration      |     1 |       ||     1
       Fruit             |       |     2 ||     2
       Royal jelly       |       |     1 ||     1
Armor: Skin              |     5 |     2 ||     7
Dodge: Dodged            |    33 |    30 ||    63
